 Dungeon Crawl Stone Soup version 0.31.0-32-g396128a36d (webtiles) character file.

Game seed: 11998994206117567973

15250 Egg the Hermetic (level 12, -7/82 HPs)
             Began as an Octopode Alchemist on Apr 1, 2024.
             Was an Initiate of Gozag.
             Mangled by an ettin
             ... wielding a +0 dire flail
              (44 damage)
             ... on level 2 of the Orcish Mines.
             The game lasted 01:01:57 (12979 turns).

Egg the Hermetic (Octopode Alchemist)              Turns: 12979, Time: 01:01:59

Health: -7/82      AC:  2    Str:  8    XL:     12   Next: 25%
Magic:  14/25      EV: 13    Int: 34    God:    Gozag
Gold:   3283       SH:  0    Dex: 12    Spells: 3/21 levels left

rFire   . . .        B - +6 Majin-Bo {spellvamp, MP+6 Int+6}
rCold   . . .        (no shield)
rNeg    . . .        r - +1 hat
rPois   .            (no amulet)
rElec   .            o - +6 ring of intelligence
rCorr   .            (no ring)
SInv    .            (no ring)
Will    .....        (no ring)
Stlth   +++          (no ring)
HPRegen 0.33/turn    (no ring)
MPRegen 0.19/turn    (no ring)
                     (no ring)

%: no passive effects
@: about to teleport, radiating poison, gold aura
A: almost no armour, amphibious, 8 rings, camouflage 1, gelatinous body 1,
(nimble swimmer 1), tentacles
a: Renounce Religion, Potion Petition, Call Merchant, Bribe Branch


You were on level 2 of the Orcish Mines.
You worshipped Gozag.
Gozag was most pleased with you.
You visited 3 branches of the dungeon, and saw 13 of its levels.
You also visited: Ossuary and Bailey.

You collected 3553 gold pieces.
You spent 162 gold pieces at shops.
You paid 108 gold pieces to Gozag.

Inventory:

Hand Weapons
 c - the +6 long sword of Okawaru's Hatred {freeze, Int+2 Dex+5 SInv}
   (You acquired it on level 5 of the Dungeon)

   Int+2:     It affects your intelligence (+2).
   Dex+5:     It affects your dexterity (+5).
   SInv:      It lets you see invisible.
 B - the +6 Majin-Bo (weapon) {spellvamp, MP+6 Int+6}
   (You found it on level 8 of the Dungeon)

   Int+6:     It affects your intelligence (+6).
   MP+6:      It affects your magic capacity (+6).
Armour
 r - a +1 hat (worn)
Jewellery
 o - a +6 ring of intelligence (left tentacle)
Wands
 g - a wand of light (23)
 i - a wand of paralysis (22)
 n - a wand of polymorph (7)
 D - a wand of digging (9)
Scrolls
 b - 5 scrolls of noise
 h - 2 scrolls of immolation
 j - 7 scrolls of teleportation
 l - 2 scrolls of fog
 q - a scroll of revelation
 s - a scroll of brand weapon
 v - a scroll of vulnerability
 w - a scroll of enchant weapon
 x - a scroll of poison
Potions
 a - a potion of magic
 e - 3 potions of mutation
 f - a potion of resistance {unknown}
 k - 12 potions of curing
 m - 2 potions of cancellation {unknown}
 p - 2 potions of might {unknown}
 t - 3 potions of attraction {unknown}
 u - 2 potions of brilliance {unknown}
 z - a potion of heal wounds {unknown}
 A - a potion of berserk rage {unknown}


   Skills:
 - Level 8.0 Fighting
 - Level 5.0 Long Blades
 - Level 2.0 Dodging
 - Level 2.6 Stealth
 - Level 5.0 Spellcasting
 * Level 7.9 Conjurations
 - Level 5.0 Necromancy
 - Level 15.0 Alchemy


You had 3 spell levels left.
You knew the following spells:

 Your Spells              Type           Power      Damage    Failure   Level
a - Sting                 Conj/Alch      100%       1d9       1%          1
b - Olgreb's Toxic Radia  Alch           84%        N/A       1%          4
c - Dispel Undead         Necr           42%        3d17      5%          4
d - Sticky Flame          Fire/Alch      56%        2d10      1%          4
e - Irradiate             Conj/Alch      36%        3d23      1%          5

Your spell library contained the following spells:

 Spells                   Type           Power      Damage    Failure   Level
 Kiss of Death            Conj/Necr      100%       2d13      1%          1
 Magic Dart               Conj           100%       1d8       1%          1
 Mercury Vapours          Alch/Air       100%       N/A       1%          2
 Static Discharge         Conj/Air       70%        3-6/arc   1%          2
 Sublimation of Blood     Necr           42%        N/A       1%          2
 Mephitic Cloud           Conj/Alch/Air  57%        N/A       1%          3
 Apportation              Tloc           16%        N/A       4%          1
 Summon Small Mammal      Summ           32%        N/A       4%          1
 Blink                    Tloc           16%        N/A       7%          2
 Call Imp                 Summ           16%        N/A       7%          2
 Jinxbite                 Hex            16%        N/A       7%          2
 Confusing Touch          Hex            8%         N/A       13%         3
 Volatile Blastmotes      Fire/Tloc      16%        2d11      13%         3
 Fulminant Prism          Conj/Alch      36%        3d18      1%          4
 Petrify                  Alch/Erth      56%        N/A       1%          4
 Alistair's Intoxication  Alch           56%        N/A       1%          5
 Yara's Violent Unravell  Hex/Alch       28%        3d12      5%          5
 Iskenderun's Mystic Bla  Conj/Tloc      35%        2d8       9%          4
 Airstrike                Air            4%         2d(1-17)  41%         4
 Summon Lightning Spire   Summ/Air       8%         N/A       41%         4
 Enfeeble                 Hex            4%         N/A       100%        7


Dungeon Overview and Level Annotations

Branches:
Dungeon (10/15)            Temple (1/1) D:6             Orc (2/2) D:10
    Elf (0/3) Orc:2       Ossuary (visited)          Bailey (visited)
   Lair: D:8-11

Altars:
Ashenzari
Cheibriados
Dithmenos
Elyvilon
Fedhas
Gozag
Hepliaklqana
Kikubaaqudgha
Makhleb
Nemelex Xobeh
Okawaru
Qazlal
Ru
Sif Muna
Trog
Uskayaw
Vehumet
Wu Jian
Xom
Yredelemnul
Zin

Shops:
D:6 ?[   Orc:2 *:

Annotations:
D:6 3 runed translucent doors, flammie80's ghost, amateur FoMo; jimonade's ghost, novice DrHu
D:10 3 runed translucent doors


Innate Abilities, Weirdness & Mutations

You cannot wear most types of armour.
You are amphibious.
You can wear up to eight rings at the same time.
Your skin changes colour to match your surroundings (Stealth+).
Your rubbery body absorbs attacks. (AC +1, EV +1)
((You are camouflaged when in or above water. (Stealth+)))
You have tentacles for arms and can constrict up to eight enemies at once.


Message History

The orc priest looks as sick as possible!
You constrict the orc warrior.
You kill the orc priest!
The orc warrior hits you with a +0 dire flail!
Casting: Olgreb's Toxic Radiance (safe; 1% risk of failure)
Confirm with . or Enter, or press ? or * to list all spells.
Your toxic radiance grows in intensity.
You feel better. x3
The orc warrior looks even sicker.
You feel better.
The cyclops looks even sicker.
You feel better. x2
You constrict the orc warrior, but do no damage.
The orc warrior hits you with a +0 dire flail!
The cyclops is distracted by your dazzling golden aura.
Casting: Olgreb's Toxic Radiance (safe; 1% risk of failure)
Confirm with . or Enter, or press ? or * to list all spells.
Your toxic radiance grows in intensity.
You feel better.
The cyclops is no longer distracted by gold.
The cyclops shouts!
The cyclops looks even sicker.
You feel better. x3
The cyclops looks as sick as possible!
The ettin looks even sicker.
You constrict the orc warrior. The orc warrior barely misses you.
You release your grip on the orc warrior.
The cyclops looks as sick as possible!
The orc warrior looks as sick as possible!
The orc warrior hits you with a +0 dire flail!
You feel better. x3
You kill the orc warrior!
The cyclops throws a large rock.
The large rock misses you.
Casting: Olgreb's Toxic Radiance (safe; 1% risk of failure)
Confirm with . or Enter, or press ? or * to list all spells.
Okay, then.
Okay, then.
As you read the scroll of teleportation, it crumbles to dust.
You feel strangely unstable.
You feel better.
The ettin looks as sick as possible!
The ettin hits you with a +0 dire flail!!!
Ouch! That really hurt!
The ettin hits you with a +1 dire flail of protection!!!
Ouch! That really hurt!
You die...
Your body crumbles into a pile of gold.

....#...#....C∩C.
#...........PP...
#.........PP.....
#........C.P....
##.....$........P
#................
##.....$.........#
#...#..$.........#
#....@C.......#.#.
##................
###.##.###.....#.
## ### ##.....
..... ...


You could see an ettin (extremely poisoned) and a cyclops (extremely poisoned).

Vanquished Creatures
  2 ettins
  A boulder beetle (D:7)
  An orc high priest (Orc:1)
  Pikel (D:7)
  An ugly thing (D:8)
  2 cyclopes (Orc:2)
  A hornet (D:7)
  A troll (Orc:2)
  Prince Ribbit (D:6)
  17 yaks
  A vampire (D:9)
  3 wraiths
  A basilisk (D:8)
  3 wyverns
  A vampire mosquito (D:7)
  Grum (Bailey)
  Menkaure (D:6)
  Edmund (D:6)
  An acid dragon (D:10)
  2 water moccasins
  A black bear (D:7)
  10 orc warriors
  2 ice beasts
  4 centaurs
  3 ogres (Orc:1)
  4 wolves (Bailey)
  A phantom (D:7)
  2 kobold brigands
  A bullfrog (D:7)
  9 gnoll sergeants
  4 scorpions
  A burial acolyte (Ossuary)
  8 wights (D:8)
  9 killer bees
  7 howler monkeys
  5 hounds
  3 bombardier beetles
  6 gnoll boudas (Bailey)
  10 orc priests
  3 jellies
  2 iguanas
  3 sleepcaps
  14 orc wizards
  3 mummies (Ossuary)
  6 adders
  26 gnolls
  5 ufetubi
  3 dart slugs
  A ribbon worm (D:2)
  55 orcs
  8 ball pythons
  6 endoplasms
  3 giant cockroaches
  3 gnoll zombies (Ossuary)
  8 goblins
  4 hobgoblins
  9 jackals
  29 kobolds
  4 quokkas
  3 bats
  3 frilled lizards
  5 gnoll skeletons (Ossuary)
  4 goblin skeletons (Ossuary)
  2 goblin zombies (Ossuary)
  4 hobgoblin skeletons (Ossuary)
  4 hobgoblin zombies (Ossuary)
  3 kobold skeletons (Ossuary)
  5 kobold zombies (Ossuary)
  4 orc skeletons (Ossuary)
  6 orc zombies (Ossuary)
  12 rats
  5 rat skeletons (Ossuary)
  5 rat zombies (Ossuary)
393 creatures vanquished.

Notes
Turn   | Place    | Note
-------+----------+-------------------------------------------
     0 | D:1      | Egg the Octopode Alchemist began the quest for the Orb.
     0 | D:1      | Reached XP level 1. HP: 11/11 MP: 3/3
   181 | D:1      | Reached XP level 2. HP: 17/17 MP: 0/5
   292 | D:1      | Reached skill level 4 in Alchemy
   819 | D:1      | Found a faded altar of an unknown god.
   878 | D:1      | Reached XP level 3. HP: 21/21 MP: 6/6
  1185 | D:2      | Reached skill level 5 in Alchemy
  1384 | D:2      | Reached XP level 4. HP: 23/27 MP: 7/7
  1395 | D:2      | Learned a level 4 spell: Olgreb's Toxic Radiance
  1745 | D:3      | Reached skill level 6 in Alchemy
  1837 | D:3      | Reached XP level 5. HP: 21/31 MP: 8/8
  2047 | D:3      | Found a basalt altar of Yredelemnul.
  2059 | D:3      | Found a shimmering blue altar of Sif Muna.
  2061 | D:3      | Found a bloodstained altar of Trog.
  2742 | D:4      | Found an ornate altar of the Wu Jian Council.
  2789 | D:4      | Identified the +0 robe of Immorality {rCorr Int+3}
  2965 | D:4      | Got First Steps in Spellcraft
  3041 | D:5      | Entered Level 5 of the Dungeon
  3059 | D:5      | Identified a scroll of acquirement
  3059 | D:5      | Acquired the +6 long sword of Okawaru's Hatred {freeze,
                  | Int+2 Dex+5 SInv}
  3084 | D:5      | Reached skill level 7 in Alchemy
  3085 | D:5      | Reached skill level 1 in Fighting
  3085 | D:5      | Reached XP level 6. HP: 39/39 MP: 0/9
  3665 | D:5      | Reached XP level 7. HP: 48/48 MP: 1/10
  4332 | D:5      | Found a blossoming altar of Fedhas.
  4444 | D:6      | Found a staircase to the Ecumenical Temple.
  4454 | Temple   | Entered the Ecumenical Temple
  4460 | Temple   | Became a worshipper of Gozag Ym Sagoz the Greedy
  4472 | D:6      | Reached skill level 5 in Fighting
  4492 | D:6      | Noticed Edmund
  4503 | D:6      | Found Dietas's Armour Shop.
  4509 | D:6      | Killed Edmund
  4648 | D:6      | Found a runed translucent gate.
  4649 | D:6      | Found a runed translucent gate.
  4650 | D:6      | Found a runed translucent gate.
  4651 | D:6      | Noticed jimonade's ghost (novice DrHu)
  4652 | D:6      | Noticed flammie80's ghost (amateur FoMo)
  4685 | D:6      | Reached XP level 8. HP: 36/55 MP: 4/11
  4685 | D:6      | Noticed Menkaure
  4690 | D:6      | Killed Menkaure
  4719 | D:6      | Found a sand-covered staircase.
  4724 | Ossuary  | Entered an ossuary
  5151 | Ossuary  | Learned a level 4 spell: Dispel Undead
  5236 | Ossuary  | Reached skill level 5 in Long Blades
  5266 | Ossuary  | Reached skill level 1 in Necromancy
  5467 | D:6      | Noticed Prince Ribbit
  5499 | D:6      | Killed Prince Ribbit
  5922 | D:6      | Reached skill level 5 in Necromancy
  5938 | D:6      | Found The Oracle's Delphic Readings.
  6080 | D:6      | Bought a scroll of enchant armour for 97 gold pieces
  6080 | D:6      | Bought a scroll of identify for 26 gold pieces
  6089 | D:6      | Bought a scroll of teleportation for 39 gold pieces
  6138 | D:6      | Reached skill level 8 in Alchemy
  6138 | D:6      | Reached XP level 9. HP: 61/61 MP: 12/12
  6608 | D:7      | Noticed Pikel
  6620 | D:7      | Killed Pikel
  7191 | D:7      | Reached skill level 5 in Spellcasting
  7196 | D:7      | Learned a level 4 spell: Sticky Flame
  7660 | D:7      | Reached skill level 9 in Alchemy
  7771 | D:7      | Noticed a boulder beetle
  7810 | D:7      | Killed a boulder beetle
  7811 | D:7      | Reached skill level 10 in Alchemy
  7811 | D:7      | Reached XP level 10. HP: 26/66 MP: 2/17
  7817 | D:7      | Learned a level 5 spell: Irradiate
  8043 | D:7      | Reached skill level 5 in Conjurations
  8660 | D:8      | Noticed a red ugly thing
  8739 | D:8      | Killed a red ugly thing
  9283 | D:8      | Found the +6 Majin-Bo {spellvamp, MP+6 Int+6}
  9691 | D:9      | Reached skill level 11 in Alchemy
  9732 | D:9      | Found a flagged portal.
  9751 | Bailey   | Entered a bailey
  9755 | Bailey   | Reached XP level 11. HP: 77/77 MP: 7/18
 10121 | Bailey   | Reached skill level 12 in Alchemy
 10260 | Bailey   | Noticed Grum
 10266 | Bailey   | Killed Grum
 10586 | D:9      | Reached skill level 13 in Alchemy
 10961 | D:10     | Entered Level 10 of the Dungeon
 11103 | D:10     | Reached skill level 14 in Alchemy
 11215 | D:10     | Found a hide-covered altar of Uskayaw.
 11502 | D:10     | Found a runed translucent gate.
 11502 | D:10     | Found a runed translucent gate.
 11502 | D:10     | Found a runed translucent gate.
 11503 | D:10     | Noticed a red ugly thing
 11504 | D:10     | Noticed a white ugly thing
 11504 | D:10     | Noticed a white ugly thing
 11505 | D:10     | Noticed a glowing orange brain
 11507 | D:10     | Noticed a white ugly thing
 11605 | D:10     | Found a staircase to the Orcish Mines.
 11991 | Orc:1    | Entered Level 1 of the Orcish Mines
 11991 | Orc:1    | Noticed an ettin
 11994 | Orc:1    | Noticed an orc high priest
 11995 | Orc:1    | Noticed a sixfirhy
 11995 | Orc:1    | Noticed a sun demon
 12008 | Orc:1    | Killed an ettin
 12009 | Orc:1    | Killed an orc high priest
 12010 | Orc:1    | Reached skill level 15 in Alchemy
 12019 | Orc:1    | Reached XP level 12. HP: 70/82 MP: 2/19
 12703 | Orc:2    | Entered Level 2 of the Orcish Mines
 12703 | Orc:2    | Found a staircase to the Elven Halls.
 12715 | Orc:2    | Found Gophofah's General Store.
 12715 | Orc:2    | Noticed an ettin
 12719 | Orc:2    | Noticed an orc high priest
 12726 | Orc:2    | Killed an ettin
 12968 | Orc:2    | Found Amax's Book Shop.
 12968 | Orc:2    | Noticed an ettin
 12979 | Orc:2    | Mangled by an ettin

Illustrated notes

Levels and vault maps discovered:
D:1:      dpeg_arrival_fog, layout_rooms, chequers_ecumenical_altar_grove,
          minmay_misc_feat_room
D:2:      layout_basic, st_stairs_5
D:3:      layout_loops_ring, minitemple
D:4:      minmay_spotlight, layout_rooms, kennysheep_mini
D:5:      kennysheep_kobold_camp, layout_cave_pools, kennysheep_little_box,
          serial_column_ruins, column_ruins_hut_ruined, column_ruins_hut,
          column_ruins_corridor_dead_end, column_ruins_open_tiny,
          column_ruins_corridor_corner, column_ruins_columns_corner,
          st_stairs_5, hangedman_abyss_or_decor_passed
D:6:      layout_basic, minmay_temple_entry_wispy, gammafunk_ghost_cemetery,
          serial_shops, nicolae_shop_scrapyard, enter_ossuary_2,
          chequers_avenue, hangedman_abyss_or_decor_stagger,
          minmay_crystal_room, nicolae_nh_oracle_at_delphi, uniq_edmund,
          uniq_menkaure, uniq_prince_ribbit1
D:7:      minmay_klotski, layout_loops_ring, uniq_pikel
D:8:      layout_rooms, nicolae_overflow_hidden_temple
D:9:      layout_big_octagon, enter_bailey_7
D:10:     layout_roguey, nicolae_overflow_crystal_walls, hiddenorc2_lemuel,
          ploomutoo_gammafunk_ghost_potion_laboratory
Temple:   nicolae_temple_no_exploring_needed
Orc:1:    layout_caves, serial_shops, nicolae_shop_mannequins
Orc:2:    grunt_orc_gardens, layout_diamond_mine, grunt_orc_garden,
          grunt_orc_garden, grunt_orc_garden, grunt_orc_garden, special_room,
          serial_shops, nicolae_square_shop

Skill      XL: |  1  2  3  4  5  6  7  8  9 10 11 12 |
---------------+-------------------------------------+-----
Alchemy        | 4 5 6 7 8 10 11 15 | 15.0
Fighting       | 1 4 5 8 |  8.0
Long Blades    | 3 5 |  5.0
Necromancy     | 5 |  5.0
Spellcasting   | 5 |  5.0
Conjurations   | 4 5 7 |  7.9
Dodging        | |  2.0
Stealth        | |  2.6

Action                     |  1- 3 |  4- 6 |  7- 9 | 10-12 || total
---------------------------+-------+-------+-------+-------++-------
  Melee: Unarmed           |    15 |       |       |       ||    15
         Constrict         |    11 |    15 |    29 |    14 ||    69
         Tentacles         |    11 |    19 |    22 |    23 ||    75
         Short sword       |    30 |    58 |       |       ||    88
         Dagger            |     2 |       |       |       ||     2
         Long sword        |       |    13 |   125 |     7 ||   145
         Bo                |       |       |       |    69 ||    69
   Cast: Sting             |    30 |     2 |     9 |     5 ||    46
         Olgreb's Toxic Ra |       |    15 |    31 |    95 ||   141
         Dispel Undead     |       |       |     4 |    14 ||    18
         Sticky Flame      |       |       |       |     7 ||     7
         Irradiate         |       |       |       |     8 ||     8
  Evoke: Wand              |       |       |     8 |       ||     8
    Use: Scroll            |     1 |     6 |     6 |     8 ||    21
         Potion            |       |       |     1 |     4 ||     5
   Stab: Sleeping          |     4 |     9 |     8 |     3 ||    24
         Distracted        |       |       |     2 |     1 ||     3
         Paralysed         |       |       |     2 |       ||     2
 Armour: Skin              |    26 |    24 |    68 |    62 ||   180
  Dodge: Dodged            |    28 |    34 |    48 |    53 ||   163
